 Dungeon Crawl Stone Soup version 0.22-a0-571-g4a923d4b9e (webtiles) character file.

283 PikkenKukken the Chopper (level 6, -2/56 HPs)
             Began as a Minotaur Abyssal Knight on July 1, 2018.
             Was a Priest of Lugonu.
             Killed by divine providence
             ... invoked by an orc priest
              (10 damage)
             ... on level 3 of the Dungeon.
             The game lasted 00:06:27 (2505 turns).

PikkenKukken the Chopper (Minotaur Abyssal Knight)  Turns: 2505, Time: 00:06:28

Health: -2/56      AC: 15    Str: 17      XL:     6   Next: 7%
Magic:  6/6        EV:  8    Int: 11      God:    Lugonu [***...]
Gold:   105        SH:  0    Dex: 10 (11) Spells: 5/5 levels left

rFire    . . .     SeeInvis .   a - +1 hand axe
rCold    . . .     Gourm    .   (no shield)
rNeg     . . .     Faith    +   k - +3 chain mail
rPois    .         Spirit   .   (helmet restricted)
rElec    .         Reflect  .   d - +1 cloak
rCorr    .         Harm     .   (no gloves)
MR       .....                  n - +0 pair of boots
Stlth    ..........             g - amulet of faith
HPRegen  0.18/turn              (no ring)
MPRegen  0.10/turn              (no ring)

@: lethally poisoned (-2 -> -6), about to teleport
A: retaliatory headbutt, claws 1, horns 2, clever 1, deterioration 1
a: Depart the Abyss, Bend Space, Banish, Renounce Religion


You were on level 3 of the Dungeon.
You worshipped Lugonu.
Lugonu was most pleased with you.
You were not hungry.

You visited 1 branch of the dungeon, and saw 3 of its levels.
You visited the Abyss 1 time.

You collected 105 gold pieces.

Inventory:

Hand Weapons
 a - a +1 hand axe (weapon)
Missiles
 e - 59 bolts
Armour
 b - a +0 leather armour
 d - a +1 cloak (worn)
 k - a +3 chain mail (worn)
 n - a +0 pair of boots (worn)
Jewellery
 g - an amulet of faith (around neck)
 i - a +4 amulet of reflection {unknown}
 m - a cursed -2 ring of evasion {unknown}
 o - an uncursed ring of fire {unknown}
Scrolls
 l - a scroll of teleportation
Potions
 h - 3 potions of flight {unknown}
 j - 3 potions of curing
Comestibles
 c - 4 rations
 f - 11 chunks of flesh


   Skills:
 + Level 5.0 Fighting
 + Level 5.1 Axes
 + Level 3.6 Armour
 + Level 2.8 Dodging
 - Level 0.3 Stealth
 + Level 2.1 Invocations


You had 5 spell levels left.
You didn't know any spells.
Your spell library contained the following spells:

 Spells                   Type           Power        Failure   Level  Hunger
 Magic Dart               Conj           #...         99%         1    ##.....
 Iskenderun's Mystic Bla  Conj           #.......     100%        4    #####..
 Fulminant Prism          Conj/Hex       #.........   100%        4    #####..
 Dazzling Spray           Conj/Hex       #.....       100%        3    ####...
 Force Lance              Conj/Tloc      #.......     100%        4    #####..
 Searing Ray              Conj           #.....       100%        2    ###....


Dungeon Overview and Level Annotations

Branches:
Dungeon (3/15)

Altars:
Ashenzari
Hepliaklqana


Innate Abilities, Weirdness & Mutations

You reflexively headbutt those who attack you in melee.
You have a pair of horns on your head.
You have sharp fingernails.
Your mind is acute. (Int +2)
Your body sometimes deteriorates upon taking damage.


Message History

You feel sick.
You feel sick.
You feel sick.
The orc priest calls down the wrath of Beogh upon you.
Pain shoots through your body!
You feel sick.
You feel sick.
The orc priest mumbles some strange prayers to Beogh against you.
Beogh smites you!
* * * LOW HITPOINT WARNING * * *
Your body deteriorates!
You feel clumsy.
You feel sick.
The orc priest invokes the aid of Beogh against you.
You barely resist.
Okay, then.
As you read the scroll of teleportation, it crumbles to dust.
You feel strangely unstable.
You feel sick.
The orc priest mumbles some strange prayers to Beogh against you.
Beogh smites you!
You die...

♣♣≈.≈≈P≈♣♣♣≈≈≈≈≈≈≈
♣≈.≈≈≈≈P≈o≈≈≈≈≈≈≈
##♣.≈≈≈≈≈≈≈≈≈≈≈≈≈≈
#...(.o(o)........
#...≈≈≈≈≈≈≈≈P≈≈≈≈≈
#o♣≈≈(≈≈≈≈≈P≈P≈≈P≈
#.♣P≈≈P≈≈≈≈≈≈≈≈≈≈≈
#.#♣P≈≈≈≈≈≈≈≈≈P♣≈#
#@##♣≈≈≈≈≈≈≈≈♣♣≈##
#.# #P≈≈≈≈≈♣♣♣♣##
#.# ##♣≈≈≈≈♣ #.#
P≈♣♣♣###### #.#
#♣♣♣.......
#(#######........<
#((.(.))..........
#########.........
#.........


You could see an orc priest.

Vanquished Creatures
  2 orc priests
  Jessica (D:3)
  2 worker ants (D:3)
  A hound skeleton (D:3)
  4 adders (D:3)
  An ooze (D:3)
  A worm (D:2)
  2 dart slugs (D:3)
  2 leopard geckos (D:3)
  11 orcs
  13 bats
  8 giant cockroaches
  7 goblins
  9 hobgoblins
  5 kobolds
  2 quokkas
  A ball python (D:2)
  4 frilled lizards
  6 rats
82 creatures vanquished.

Notes
Turn   | Place    | Note
-------+----------+-------------------------------------------
     0 | Abyss:1  | PikkenKukken the Minotaur Abyssal Knight began the quest for the Orb.
     0 | Abyss:1  | Reached XP level 1. HP: 19/19 MP: 1/1
    13 | Abyss:1  | Found a corrupted altar of Lugonu.
    52 | Abyss:1  | Noticed an ancient zyme
    53 | D:1      | Escaped the Abyss
   150 | D:1      | Gained mutation: Your body sometimes deteriorates upon taking damage. [potion of mutation]
   150 | D:1      | Gained mutation: You have sharp fingernails. [potion of mutation]
   150 | D:1      | Gained mutation: Your mind is acute. (Int +2) [potion of mutation]
   156 | D:1      | Reached * piety under Lugonu
   281 | D:1      | Reached XP level 2. HP: 27/27 MP: 2/2
   705 | D:2      | Reached XP level 3. HP: 33/33 MP: 3/3
   774 | D:2      | Reached ** piety under Lugonu
  1549 | D:2      | Reached XP level 4. HP: 41/41 MP: 4/4
  2007 | D:3      | Reached XP level 5. HP: 47/47 MP: 5/5
  2066 | D:3      | Noticed Jessica
  2077 | D:3      | Killed Jessica
  2146 | D:3      | Reached *** piety under Lugonu
  2224 | D:3      | Found a shattered altar of Ashenzari.
  2224 | D:3      | Found a hazy altar of Hepliaklqana.
  2302 | D:3      | Reached skill level 5 in Fighting
  2302 | D:3      | Reached skill level 5 in Axes
  2315 | D:3      | Reached XP level 6. HP: 42/56 MP: 6/6
  2505 | D:3      | Killed from afar by an orc priest

Vault maps used:
D:1:      elethiomel_arrival_quiet
D:2:      hex_tiny, feat_on_display
D:3:      amethyst_overflow_temple_binary, serial_bayou_lagoon_b, uniq_jessica

Skill      XL: |  1  2  3  4  5 |
---------------+----------------+-----
Fighting       | 4 5 |  5.0
Armour         | 3 |  3.6
Axes           | 3 4 5 |  5.1
Dodging        | 2 |  2.8
Invocations    | 2 |  2.1
Stealth        | |  0.3

Action                   |  1- 3 |  4- 6 || total
-------------------------+-------+-------++-------
Melee: Hand axe          |    82 |   116 ||   198
       Headbutt          |    10 |    19 ||    29
Invok: Depart the Abyss  |     1 |       ||     1
  Use: Scroll            |     6 |     2 ||     8
       Potion            |     1 |       ||     1
  Eat: Chunk             |     1 |     1 ||     2
       Ration            |     1 |       ||     1
Armor: Leather armour    |    43 |       ||    43
       Chain mail        |     9 |    70 ||    79
Dodge: Dodged            |    55 |    43 ||    98

Table legend:
 A = Spawn XP
 B = Non-spawn XP
 C = Spawn XP percentage of total XP
 D = Spawn monster count
 E = Non-spawn monster count
 F = Spawn count percentage of total count
 G = Total turns spent on level
                    A         B        C        D         E        F      G
               +---------+---------+-------+---------+---------+-------+---------
         Total |       0 |     405 |   0.0 |       0 |      82 |   0.0 |  2505
               +---------+---------+-------+---------+---------+-------+---------
           D:1 |       0 |      38 |   0.0 |       0 |      22 |   0.0 |   596
           D:2 |       0 |      85 |   0.0 |       0 |      26 |   0.0 |  1096
           D:3 |       0 |     282 |   0.0 |       0 |      34 |   0.0 |   760
               +---------+---------+-------+---------+---------+-------+---------
